 Dungeon Crawl Stone Soup version 0.17-a0-1481-gfdcec5c (console) character file.

137 Fusha the Ruffian (level 5, -1/42 HPs)
             Began as a Ghoul Air Elementalist on July 4, 2015.
             Slain by an ogre
             ... wielding a +0 giant spiked club
              (18 damage)
             ... on level 4 of the Dungeon.
             The game lasted 00:09:32 (2361 turns).

Fusha the Ruffian (Ghoul Air Elementalist)          Turns: 2361, Time: 00:09:32

Health: -1/42      AC:  4    Str: 12      XL:     5   Next: 20%
Magic:  5/6        EV: 12    Int: 10      God:
Gold:   238        SH:  0    Dex:  8 (10) Spells: 3 memorised, 2 levels left

rFire  . . .     SeeInvis .       - Unarmed
rCold  + . .     Clarity  .     a - +0 robe
rNeg   + + +     SustAt   .     (no shield)
rPois  ∞         Gourm    .     (no helmet)
rElec  .         Spirit   .     (no cloak)
rCorr  .         Warding  .     (no gloves)
rMut   .         Stasis   .     (no boots)
MR     .....                    (no amulet)
Stlth  ++........               (no ring)
                                n - +2 ring of protection

@: rotting, repel missiles, not resistant to hostile enchantments, unstealthy
A: rotting body, claws 1, carnivore 3, cold resistance 1, negative energy
resistance 3, slow healing 1, torment resistance, unbreathing
a: no special abilities


You were on level 4 of the Dungeon.
You were not hungry.

You visited 1 branch of the dungeon, and saw 4 of its levels.

You collected 238 gold pieces.

Inventory:

Missiles
 i - 2 throwing nets (quivered)
Armour
 a - a +0 robe (worn)
Jewellery
 n - a +2 ring of protection (left claw)
Scrolls
 d - a scroll of identify
 e - 2 scrolls of fear {unknown}
 g - a scroll of immolation
 h - a scroll of enchant weapon
 k - a scroll of enchant armour
 l - 2 scrolls of blinking
 m - a scroll of remove curse {unknown}
Potions
 j - 2 potions of poison
 o - a potion of might {unknown}
 q - a potion of cure mutation {unknown}
Books
 b - a book of Air

   Spells                             Type                      Level
   a - Shock                          Conjuration/Air              1
   b - Swiftness                      Charms/Air                   2
   c - Repel Missiles                 Charms/Air                   2
   d - Static Discharge               Conjuration/Air              3
   e - Lightning Bolt                 Conjuration/Air              5
Comestibles
 c - 4 meat rations
 p - 4 chunks of flesh


   Skills:
 + Level 2.3 Fighting
 + Level 2.7 Dodging
 - Level 2.1 Stealth
 * Level 3.5 Unarmed Combat
 - Level 1.7 Spellcasting
 - Level 0.7 Conjurations
 - Level 2.4 Air Magic


You had 2 spell levels left.
You knew the following spells:

 Your Spells              Type           Power        Failure   Level  Hunger
a - Shock                 Conj/Air       #...         17%         1    ##.....
b - Swiftness             Chrm/Air       #.......     30%         2    ###....
c - Repel Missiles        Chrm/Air       #.....       30%         2    ###....


Dungeon Overview and Level Annotations

Branches:
Dungeon (4/15)
 Temple: D:4-7

Altars:


Innate Abilities, Weirdness & Mutations

Your body is rotting away.
You thrive on raw meat.
You are immune to poison.
You have sharp fingernails.
You are carnivorous and can eat meat at any time.
Your flesh is cold resistant.
You are immune to negative energy.
You heal slowly when monsters are visible.
You are immune to unholy pain and torment.
You can survive without breathing.


Message History

You scratch the ogre.
The ogre is moderately wounded.
You scratch the ogre.
The ogre is heavily wounded.
The ogre hits you with a giant spiked club!
Some of the chunks of flesh in your inventory have rotted away.
Drink which item? (? for menu, Esc to quit)
It was a potion of degeneration.
There was something very wrong with that liquid.
You feel clumsy.
Casting: Shock
Confirm with . or Enter, or press ? or * to list all spells.
Aiming: Shock
Press: ? - help, Shift-Dir - straight line The zap hits the ogre.
The ogre is severely wounded.
The zap hits the ogre.
The ogre is almost dead.
The ogre hits you with a giant spiked club!!
You die...

.. #. #. #+# #. #.#
###.#####.#
##)#........<#
.......).....#
######.#...)...#.#.
#.@..#.#.###.......
#O##.#.#.#.#(..###.
#.##.#.#...#.......
..#.#..#.###......... ##
#.#.#................
...
#.#.#..#.###.........
... #.#.#..#.#
#......... #.#
#.#.#..#.###.........
...#<#.####.#)'.........


You could see an ogre (bleeding).

Vanquished Creatures
  2 orc wizards
  3 adders
  2 worms (D:2)
  A giant gecko (D:1)
  2 orcs
  5 ball pythons
  7 bats
  3 giant cockroaches
  8 hobgoblins
  2 quokkas
  5 giant newts
  4 goblins (D:2)
  3 kobolds
  10 rats
57 creatures vanquished.

Notes
Turn   | Place    | Note
--------------------------------------------------------------
     0 | D:1      | Fusha the Ghoul Air Elementalist began the quest for the Orb.
     0 | D:1      | Reached XP level 1. HP: 14/14 MP: 2/2
   218 | D:1      | Reached skill level 1 in Fighting
   218 | D:1      | Reached XP level 2. HP: 15/23 MP: 3/3
   225 | D:1      | Learned a level 2 spell: Swiftness
   292 | D:1      | Reached skill level 1 in Unarmed Combat
   788 | D:2      | Reached XP level 3. HP: 8/28 MP: 0/4
  1625 | D:3      | Learned a level 2 spell: Repel Missiles
  1778 | D:3      | Reached XP level 4. HP: 34/34 MP: 5/5
  2243 | D:3      | Reached skill level 3 in Unarmed Combat
  2282 | D:4      | Reached XP level 5. HP: 36/42 MP: 6/6
  2335 | D:4      | Noticed an ogre
  2361 | D:4      | Slain by an ogre

Vault maps used:
D:1:      dpeg_arrival_round_b
D:2:      kennysheep_doodads
D:3:      first_bread, serial_glass, glass_columns_a, glass_columns_b
D:4:      uniq_crazy_yiuf_cottage

Action                   |  1- 3 |  4- 6 || total
-------------------------+-------+-------++-------
Melee: Unarmed           |   159 |    72 ||   231
Throw: Throwing net      |       |     1 ||     1
 Cast: Shock             |     6 |     2 ||     8
       Repel Missiles    |     1 |       ||     1
  Use: Scroll            |     7 |       ||     7
       Potion            |       |     3 ||     3
 Stab: Sleeping          |     6 |     1 ||     7
       Held in net/web   |       |     1 ||     1
  Eat: Chunk             |    10 |     3 ||    13
